 Dungeon Crawl Stone Soup version 0.29.1-15-g9cfb28693d (webtiles) character file.

Game seed: 2113625662925880509

567 Heoruswealwe the Magician (level 7, -4/36 HPs)
             Began as a Deep Elf Earth Elementalist on Apr 18, 2023.
             Slain by Edmund
             ... wielding a +4 flail of protection
              (5 damage)
             ... on level 5 of the Dungeon.
             The game lasted 00:37:07 (3364 turns).

Heoruswealwe the Magician (DEEE)                    Turns: 3364, Time: 00:37:08

Health: -4/36      AC:  4    Str:  5    XL:     7   Next: 11%
Magic:  8/20       EV: 12    Int: 22    God:
Gold:   218        SH:  0    Dex: 15    Spells: 6/21 levels left

rFire   + . .      SeeInvis .   b - +2 dagger (speed)
rCold   . . .      Faith    .   (no shield)
rNeg    . . .      Spirit   .   c - +1 robe {rF+}
rPois   .          Reflect  .   (no helmet)
rElec   .          Harm     .   (no cloak)
rCorr   .          Rampage  .   f - +0 pair of gloves
Will    .....                   (no boots)
Stlth   ++........              (no amulet)
HPRegen 0.12/turn               (no ring)
MPRegen 0.17/turn               (no ring)

@: no status effects
A: no striking features
a: no special abilities


You were on level 5 of the Dungeon.
You visited 2 branches of the dungeon, and saw 6 of its levels.

You collected 218 gold pieces.

Inventory:

Hand Weapons
 b - a +2 dagger of speed (weapon)
Armour
 c - a +1 robe of fire resistance (worn)
 f - a +0 pair of gloves (worn)
Scrolls
 a - a scroll of teleportation
 e - 2 scrolls of amnesia
 j - 2 scrolls of magic mapping {unknown}
 k - 2 scrolls of poison {unknown}
 m - a scroll of enchant armour
Potions
 d - a potion of magic
 g - a potion of cancellation
 h - a potion of haste
 i - 2 potions of degeneration {unknown}
 o - a potion of might {unknown}
 p - a potion of resistance {unknown}


   Skills:
 - Level 2.4 Dodging
 - Level 2.4 Stealth
 + Level 7.6 Spellcasting
 - Level 1.1 Transmutations
 + Level 6.7 Earth Magic


You had 6 spell levels left.
You knew the following spells:

 Your Spells              Type           Power      Damage    Failure   Level
a - Sandblast             Erth           76%        2d16      1%          1
b - Stone Arrow           Conj/Erth      46%        3d9       6%          3
c - Petrify               Tmut/Erth      25%        N/A       16%         4
d - Lee's Rapid Deconstr  Erth           19%        3d12*     13%         5
z - Passwall              Tmut/Erth      20%        N/A       2%          2

Your spell library contained the following spells:

 Spells                   Type           Power      Damage    Failure   Level
 Foxfire                  Conj/Fire      32%        2x1d5     8%          1
 Ensorcelled Hibernation  Hex/Ice        16%        N/A       12%         2
 Poisonous Vapours        Pois/Air       16%        N/A       12%         2
 Ignite Poison            Fire/Tmut/Pois 10%        N/A       21%         3
 Conjure Flame            Conj/Fire      8%         6-21      24%         3
 Dazzling Flash           Conj/Hex       16%        N/A       24%         3
 Inner Flame              Hex/Fire       8%         N/A       24%         3
 Mephitic Cloud           Conj/Pois/Air  8%         N/A       24%         3
 Swiftness                Air            8%         N/A       24%         3
 Corpse Rot               Necr/Pois/Air  8%         N/A       61%         4
 Flame Wave               Conj/Fire      8%         2d5       61%         4
 Fulminant Prism          Conj/Hex       4%         3d6       61%         4
 Iskenderun's Mystic Bla  Conj/Tloc      8%         2d4       61%         4
 Freezing Cloud           Conj/Ice/Air   4%         6-21      91%         5
 Starburst                Conj/Fire      4%         6d3       100%        6


Dungeon Overview and Level Annotations

Branches:
Dungeon (5/15)             Temple (1/1) D:5

Altars:
Cheibriados
Dithmenos
Elyvilon
Fedhas
Gozag
Hepliaklqana
Makhleb
Nemelex Xobeh
Okawaru
Qazlal
Ru
Sif Muna
Trog
Uskayaw
Wu Jian
Yredelemnul
Zin

Annotations:
D:5 Edmund


Message History

Casting: Sandblast (safe; 1% risk of failure)
Confirm with . or Enter, or press ? or * to list all spells.
Aiming: Sandblast (safe; 1% risk of failure)
Press: ? - help, Shift-Dir - straight line, f/p - Edmund
Aim: Edmund, wielding a +4 flail of protection and wearing a +0 chain mail (moderately wounded, 88% to hit)
The blast of sand misses Edmund.
Edmund hits you with a +4 flail of protection!
* * * LOW HITPOINT WARNING * * *
You feel much better.
Edmund hits you with a +4 flail of protection!
You hit Edmund.
Edmund is heavily wounded.
Edmund barely misses you.
You barely miss Edmund.
Edmund is heavily wounded.
You hit Edmund.
Edmund is heavily wounded.
Edmund hits you with a +4 flail of protection.
You hit Edmund.
Edmund is severely wounded.
Edmund closely misses you.
You hit Edmund but do no damage.
Edmund is severely wounded.
You hit Edmund but do no damage. Your punch misses Edmund.
Edmund is severely wounded.
Edmund hits you with a +4 flail of protection.
You closely miss Edmund.
Edmund is severely wounded.
Edmund looks rather jealous.
Edmund hits you with a +4 flail of protection!
You hit Edmund but do no damage.
Edmund is severely wounded.
You hit Edmund but do no damage.
Edmund is severely wounded.
Edmund hits you with a +4 flail of protection!
* * * LOW HITPOINT WARNING * * *
You completely miss Edmund.
Edmund is severely wounded.
Edmund hits you with a +4 flail of protection.
You die...

#.......# #.......#
#.......# #.......#
#.......+
####.......#
#.....>#####
#...@.'...##
+...@)#....#
#..[..#....#
#...[[#....#
#.....##'###
####..)....##########
#..........†.....#
#................#
#..........†.....#
#................#


You could see Edmund.

Vanquished Creatures
  A phantom (D:5)
  A scorpion (D:4)
  A hound (D:5)
  3 orc priests (D:5)
  2 iguanas
  5 orc wizards
  5 adders
  4 dart slugs
  6 orcs
  11 ball pythons
  7 bats
  5 endoplasms
  4 giant cockroaches
  7 goblins
  6 hobgoblins
  5 jackals
  8 kobolds
  2 quokkas
  5 frilled lizards
  6 rats
94 creatures vanquished.

Notes
Turn   | Place    | Note
-------+----------+-------------------------------------------
     0 | D:1      | Heoruswealwe the Deep Elf Earth Elementalist began the
                  | quest for the Orb.
     0 | D:1      | Reached XP level 1. HP: 10/10 MP: 6/6
   119 | D:1      | Reached XP level 2. HP: 11/15 MP: 2/8
   124 | D:1      | Learned a level 2 spell: Passwall
   338 | D:1      | Reached skill level 4 in Spellcasting
   349 | D:1      | Reached XP level 3. HP: 19/19 MP: 3/10
   353 | D:1      | Learned a level 3 spell: Stone Arrow
   597 | D:1      | Found a faded altar of an unknown god.
   627 | D:1      | Prayed at the altar of an unknown god.
   627 | D:1      | Became a worshipper of Ru the Awakened
   629 | D:1      | Fell from the grace of Ru
  1098 | D:2      | Reached XP level 4. HP: 19/24 MP: 7/12
  1103 | D:2      | Learned a level 4 spell: Petrify
  1728 | D:3      | Reached skill level 5 in Spellcasting
  1968 | D:3      | Reached skill level 5 in Earth Magic
  1971 | D:3      | HP: 1/24 [something/magic dart (8)]
  1982 | D:3      | Reached XP level 5. HP: 5/28 MP: 5/15
  2573 | D:4      | Reached skill level 6 in Spellcasting
  2812 | D:4      | Learned a level 5 spell: Lee's Rapid Deconstruction
  2919 | D:4      | Reached XP level 6. HP: 32/32 MP: 13/17
  3235 | D:5      | Entered Level 5 of the Dungeon
  3239 | D:5      | Reached skill level 7 in Spellcasting
  3251 | D:5      | Reached XP level 7. HP: 36/36 MP: 11/20
  3253 | D:5      | Found a staircase to the Ecumenical Temple.
  3291 | Temple   | Entered the Ecumenical Temple
  3333 | D:5      | Noticed Edmund
  3363 | D:5      | HP: 1/36 [Edmund/+4 flail of protection (11)]
  3364 | D:5      | Slain by Edmund

Illustrated notes

Levels and vault maps discovered:
D:1:      minmay_arrival_four_loops, layout_basic, basic_ecumenical_altar,
          hangedman_decor_push
D:2:      layout_loops_ring, minmay_misc_feat_nine_boxes
D:3:      layout_loops_ring
D:4:      layout_basic
D:5:      layout_gridville, minmay_temple_entry_proselytizer, uniq_grinder,
          uniq_edmund
Temple:   sentei_temple_godly_chess

Skill      XL: |  1  2  3  4  5  6 |
---------------+-------------------+-----
Spellcasting   | 4 5 6 7 |  7.6
Earth Magic    | 4 5 6 |  6.7
Dodging        | |  2.4
Stealth        | |  2.4
Transmutations | |  1.1

Action                   |  1- 3 |  4- 6 |  7- 9 || total
-------------------------+-------+-------+-------++-------
Melee: Unarmed           |       |     2 |       ||     2
       Dagger            |       |       |    10 ||    10
 Cast: Sandblast         |    51 |    83 |    24 ||   158
       Passwall          |     2 |       |       ||     2
Invok: Renounce Religion |     1 |       |       ||     1
  Use: Scroll            |     3 |     6 |     1 ||    10
       Potion            |       |     2 |     1 ||     3
Armor: Robe              |     1 |     8 |       ||     9
Dodge: Dodged            |       |     8 |    13 ||    21
